 Dungeon Crawl Stone Soup version 0.23-a0-417-gf02c810438 (webtiles) character file.

3611 Napalmbreeze the Grappler (level 9, -3/138 HPs)
             Began as a Troll Berserker on Nov 10, 2018.
             Was an Elder of Trog.
             Slain by an unseen horror (5 damage)
             ... on level 8 of the Dungeon.
             The game lasted 00:10:11 (6624 turns).

Napalmbreeze the Grappler (Troll Berserker)         Turns: 6624, Time: 00:10:11

Health: -3/138     AC:  6    Str: 34    XL:     9   Next: 86%
Magic:  8/8        EV: 12    Int:  4    God:    Trog [****..]
Gold:   360        SH:  0    Dex:  9    Spells: 8/8 levels left

rFire    . . .     SeeInvis .     - Unarmed
rCold    . . .     Gourm    +   (no shield)
rNeg     . . .     Faith    .   a - +0 animal skin
rPois    .         Spirit   .   (helmet restricted)
rElec    .         Reflect  .   I - +0 cloak
rCorr    .         Harm     .   (gloves unavailable)
MR       ++...                  (boots unavailable)
Stlth    ..........             (no amulet)
HPRegen  1.73/turn              (no ring)
MPRegen  0.11/turn              (no ring)

@: berserking, regenerating, very quick
A: large, unfitting armour, claws 3, fast metabolism 3, gourmand, regeneration
1, shaggy fur 1, tough skin 2
a: Berserk, Trog's Hand, Brothers in Arms, Renounce Religion


You were on level 8 of the Dungeon.
You worshipped Trog.
Trog was greatly pleased with you.
You were very full.

You visited 1 branch of the dungeon, and saw 8 of its levels.
You also visited: Sewer.

You collected 360 gold pieces.

Inventory:

Hand Weapons
 E - a +0 giant spiked club
Missiles
 p - 8 silver tomahawks (quivered)
Armour
 a - a +0 animal skin (worn)
 I - a +0 cloak (worn)
Jewellery
 f - a cursed ring of attention {unknown}
 q - an uncursed ring of poison resistance {unknown}
Wands
 H - a wand of random effects (18)
Scrolls
 c - 2 scrolls of blinking {unknown}
 i - 6 scrolls of remove curse {unknown}
 j - a scroll of fear {unknown}
 l - 4 scrolls of amnesia {unknown}
 m - 4 scrolls of teleportation {unknown}
 n - a scroll of enchant armour {unknown}
 o - 3 scrolls of identify {unknown}
 r - 2 scrolls of enchant weapon {unknown}
 t - a scroll of random uselessness {unknown}
 w - a scroll of magic mapping {unknown}
 x - 2 scrolls of fog {unknown}
 y - a scroll of torment {unknown}
 B - a scroll of immolation {unknown}
 F - 2 scrolls of vulnerability {unknown}
Potions
 d - 2 potions of cancellation {unknown}
 e - 9 potions of curing {unknown}
 g - 5 potions of flight {unknown}
 h - 3 potions of haste {unknown}
 k - 5 potions of heal wounds {unknown}
 s - 2 potions of brilliance {unknown}
 u - 4 potions of agility {unknown}
 v - a potion of magic {unknown}
 z - a potion of mutation {unknown}
 A - 4 potions of lignification {unknown}
 D - 2 potions of degeneration {unknown}
 G - a potion of berserk rage
Comestibles
 b - 15 rations
 C - a chunk of flesh


   Skills:
 + Level 6.4 Fighting
 + Level 6.4 Dodging
 * Level 10.4 Unarmed Combat


You had 8 spell levels left.
You didn't know any spells.
Your spell library was empty.

Dungeon Overview and Level Annotations

Branches:
Dungeon (8/15)             Temple (0/1) D:5
   Lair: D:8-11

Altars:
Cheibriados
Fedhas
Kikubaaqudgha
Qazlal
Ru
Sif Muna
Trog
Wu Jian
The Shining One

Annotations:
D:6 2 transporters, Abuh's ghost, novice DsBe


Innate Abilities, Weirdness & Mutations

You are too large for most types of armour.
You have claws for hands.
Your metabolism is lightning-fast.
You like to eat raw meat.
Your natural rate of healing is unusually fast.
You are covered in fur. (AC +1)
You have very tough skin. (AC +2)


Message History

You feel yourself moving faster!
You feel mighty! Something hits you but does no damage. Something hits you.
* * * LOW HITPOINT WARNING * * *
You closely miss something. You claw something!
Something hits you but does no damage. The gnoll barely misses you.
Unknown command.
You closely miss something. Something hits you!
* * * LOW HITPOINT WARNING * * *
Unknown command.
The gnoll hits you with a +0 spear.
* * * LOW HITPOINT WARNING * * *
You scratch the gnoll.
The gnoll is heavily wounded.
Something hits you.
* * * LOW HITPOINT WARNING * * *
You claw the gnoll!
You kill the gnoll!
Trog accepts your kill. Something hits you.
You die...

#....[...........#...##..
#.⌠...⌠..........#...'(..
#................)...#...
#...<............)#####)$
#........).))....##.###'#
#...⌠....÷.)...).#...'.##
###......#####...##.###'[
..........#...+....###
#.. ....#...)@)...#......
#.. ...
#.....#...#.....#. #.. ##
#.....#+###.....# .##[
......... .....## ##
.......... ..........
.......... ...........


There were no monsters in sight!

Vanquished Creatures
  A hungry ghost (D:8)
  Duvessa (D:7)
  A black bear (D:8)
  An orc warrior (D:8)
  5 sky beasts
  2 phantoms (D:7)
  5 ogres
  3 centaurs
  3 big kobolds (Sewer)
  4 bullfrogs
  Dowan (D:7)
  A water moccasin zombie (D:5)
  2 scorpions (D:5)
  A water moccasin skeleton (D:7)
  5 wights (D:6)
  A howler monkey (D:7)
  2 crimson imps
  A bullfrog zombie (D:5)
  A centaur zombie (D:6)
  2 orc priests
  2 bullfrog skeletons
  2 orc wizards
  A centaur skeleton (D:5)
  A gnoll shaman (D:4)
  3 iguanas
  5 worker ants
  2 hound zombies
  A worker ant zombie (D:7)
  9 gnolls
  A howler monkey skeleton (D:4)
  10 adders
  2 river rats (D:3)
  2 shadow imps (D:5)
  2 adder skeletons
  2 dart slugs
  6 leopard geckos
  22 orcs
  5 ball pythons
  10 giant cockroaches
  9 goblins
  7 hobgoblins
  4 jackals (D:4)
  14 kobolds
  4 quokkas
  8 bats
  A frilled lizard (Sewer)
  A leopard gecko skeleton (D:4)
  3 leopard gecko zombies
  13 rats
195 creatures vanquished.

Notes
Turn   | Place    | Note
-------+----------+-------------------------------------------
     0 | D:1      | Napalmbreeze the Troll Berserker began the quest for the
                  | Orb.
     0 | D:1      | Reached XP level 1. HP: 22/22 MP: 0/0
   306 | D:1      | Reached XP level 2. HP: 29/29 MP: 1/1
  1015 | D:2      | Reached XP level 3. HP: 35/36 MP: 2/2
  1043 | D:2      | Found a deep blue altar of Sif Muna.
  1256 | D:2      | Reached ** piety under Trog
  1479 | D:2      | Found a glowing golden altar of the Shining One.
  1860 | D:3      | Reached skill level 4 in Unarmed Combat
  1860 | D:3      | Reached XP level 4. HP: 43/44 MP: 3/3
  2183 | D:3      | Found a glowing drain.
  2216 | Sewer    | Entered a sewer
  2362 | Sewer    | Reached *** piety under Trog
  2418 | Sewer    | Noticed a big kobold
  2418 | Sewer    | Noticed a big kobold
  2420 | Sewer    | Killed a big kobold
  2420 | Sewer    | Reached XP level 5. HP: 53/53 MP: 4/4
  2427 | Sewer    | Reached skill level 5 in Unarmed Combat
  2427 | Sewer    | Reached XP level 6. HP: 61/61 MP: 5/5
  2738 | D:3      | Found a stormy altar of Qazlal.
  2771 | D:3      | You fall through a shaft!
  3772 | D:5      | Entered Level 5 of the Dungeon
  3785 | D:5      | Reached skill level 6 in Unarmed Combat
  3786 | D:5      | Reached XP level 7. HP: 57/68 MP: 6/6
  4188 | D:5      | Reached **** piety under Trog
  4227 | D:5      | Reached skill level 7 in Unarmed Combat
  4458 | D:5      | Reached XP level 8. HP: 77/79 MP: 7/7
  4480 | D:5      | Found a staircase to the Ecumenical Temple.
  4714 | D:6      | Found a transporter.
  4735 | D:6      | Noticed Abuh's ghost (novice DsBe)
  4752 | D:6      | Received a gift from Trog
  4817 | D:6      | Found a blossoming altar of Fedhas.
  4817 | D:6      | Found a sacrificial altar of Ru.
  4822 | D:6      | Found a snail-covered altar of Cheibriados.
  4822 | D:6      | Found a bloodstained altar of Trog.
  4826 | D:6      | Found an ornate altar of the Wu Jian Council.
  5047 | D:6      | Reached skill level 5 in Fighting
  5047 | D:6      | Reached skill level 8 in Unarmed Combat
  5127 | D:6      | Found a transporter.
  5187 | D:6      | Reached skill level 5 in Dodging
  5861 | D:7      | Found an ancient bone altar of Kikubaaqudgha.
  5878 | D:7      | Reached XP level 9. HP: 86/88 MP: 8/8
  5881 | D:7      | Reached skill level 9 in Unarmed Combat
  6361 | D:7      | Noticed Duvessa
  6361 | D:7      | Noticed Dowan
  6372 | D:7      | Killed Duvessa
  6375 | D:7      | Killed Dowan
  6483 | D:8      | Reached skill level 10 in Unarmed Combat
  6621 | D:8      | HP: 6/138 [something (9)]
  6623 | D:8      | HP: 1/138 [something (5)]
  6624 | D:8      | Slain by an unseen horror

Vault maps used:
D:1:      minmay_arrival_wavy_path, minmay_misc_feat_four_crosses
D:2:      tso_oasis_becter, lemuel_blue_sif_altar
D:3:      lemuel_upstairs_altar, old_standard_altar, portal_sewer_entry_b,
          grunt_ministairs_14, roderic_serpentine_path
D:4:      first_ration
D:5:      minmay_temple_entry_glassed_door
D:6:      grunt_temple_overflow_open, gammafunk_ghost_arena,
          kennysheep_small_circle
D:7:      black_bear_nest_2, kiku_gazebo_garden_becter, grunt_ogre_cave,
          uniq_duvessa
D:8:      basic_altar, grunt_ministairs_1, minmay_joined_circles
Sewer:    kennysheep_pipe_town

Skill      XL: |  1  2  3  4  5  6  7  8  9 |
---------------+----------------------------+-----
Unarmed Combat | 4 5 6 7 8 10 | 10.4
Dodging        | 3 4 5 6 |  6.4
Fighting       | 3 4 5 6 |  6.4

Action                   |  1- 3 |  4- 6 |  7- 9 || total
-------------------------+-------+-------+-------++-------
Melee: Unarmed           |    93 |   199 |   297 ||   589
       Punch             |     2 |     4 |    10 ||    16
Invok: Berserk           |       |     2 |     7 ||     9
       Trog's Hand       |       |       |     3 ||     3
 Stab: Sleeping          |     2 |       |     1 ||     3
  Eat: Chunk             |    18 |    24 |    36 ||    78
Armor: Animal skin       |    30 |    71 |    62 ||   163
Dodge: Dodged            |    49 |   125 |   115 ||   289

Table legend:
 A = Non-vault XP
 B = Vault XP
 C = Vault XP percentage of total XP
 D = Non-vault monster count
 E = Vault monster count
 F = Vault count percentage of total count
                 A         B        C        D         E       F
            +---------+---------+-------+---------+---------+-------
      Total |    3455 |    1704 |  33.0 |     146 |      49 |  25.1
            +---------+---------+-------+---------+---------+-------
        D:1 |      27 |       0 |   0.0 |      15 |       0 |   0.0
        D:2 |      43 |       0 |   0.0 |      16 |       0 |   0.0
        D:3 |      61 |      38 |  38.4 |      16 |      10 |  38.5
        D:4 |     223 |       0 |   0.0 |      19 |       0 |   0.0
        D:5 |     841 |       0 |   0.0 |      27 |       0 |   0.0
        D:6 |     747 |       0 |   0.0 |      19 |       0 |   0.0
        D:7 |     939 |     346 |  26.9 |      18 |       3 |  14.3
        D:8 |     574 |    1003 |  63.6 |      16 |      12 |  42.9
      Sewer |       0 |     317 | 100.0 |       0 |      24 | 100.0
            +---------+---------+-------+---------+---------+-------
